[Event "38th Barczay Memorial 2019"]
[Site "Zalakaros"]
[Date "2019.05.23"]
[Round "1.2"]
[White "Kantor, Gergely"]
[Black "Csendi, Balazs"]
[Result "1-0"]
[ECO "E10"]
[WhiteElo "2516"]
[BlackElo "2005"]
[Annotator "RC"]
[PlyCount "71"]
[EventDate "2019.05.23"]
[EventType "swiss"]
[EventCountry "HUN"]
[SourceTitle "playchess.com"]
[Source "ChessBase"]
[SourceQuality "1"]
[TimeControl "40/5400+30:1800+30"]

1. d4 e6 2. c4 Nf6 3. Nf3 c5 4. d5 exd5 5. cxd5 d6 6. Nc3 a6 7. a4 g6 8. Nd2 Bg7 9. e4 O-O 10. Be2 Nbd7 11. O-O Ne5 12. f4 Neg4 13. Nc4 h5 14. h3 Nh6 15. f5 Ne8 16. Bf4 Kh7 17. Qd2 gxf5 18. Bxh5 Bd4+ 19. Kh1 Ng8 20. e5 dxe5 21. Nxe5 Nd6 22. Nf3 Nf6 23. Ng5+ Kg8 24. Bf3 Nh7 25. Rae1 Nc4 26. Qc1 Nxb2 27. Be2 Bxc3 28. Qxc3 Nxg5 29. Qg3 f6 30. h4 Qxd5 31. hxg5 Rf7 32. g6 Re7 33. Bf3 Qd8 34. Rxe7 Qxe7 35. Bd5+ Be6 36. Re1 1-0

[Event "38th Barczay Memorial 2019"]
[Site "Zalakaros"]
[Date "2019.05.23"]
[Round "1.4"]
[White "Varga, Zoltan"]
[Black "Pasti, Anna"]
[Result "1-0"]
[ECO "A28"]
[WhiteElo "2457"]
[BlackElo "1977"]
[Annotator "RC"]
[PlyCount "57"]
[EventDate "2019.05.23"]
[EventType "swiss"]
[EventCountry "HUN"]
[SourceTitle "playchess.com"]
[Source "ChessBase"]
[SourceQuality "1"]
[TimeControl "40/5400+30:1800+30"]

1. c4 e5 2. Nf3 Nc6 3. Nc3 Nf6 4. d4 exd4 5. Nxd4 d5 6. Nxc6 bxc6 7. g3 d4 8. Na4 Ne4 9. a3 Qf6 10. f4 a5 11. Bg2 Nc5 12. e4 dxe3 13. Bxe3 Qe6 14. Kf2 Ne4+ 15. Kg1 Nc3 16. Qf3 Nxa4 17. Qxc6+ Kd8 18. Qxe6 Bxe6 19. Bxa8 Nxb2 20. c5 Kc8 21. Kg2 Nd3 22. Rab1 Nxc5 23. Rhd1 Nd7 24. Bb7+ Kd8 25. Be4 Bd6 26. Bd5 Ke7 27. Bxe6 Kxe6 28. Re1 Kf6 29. Rb5 1-0

[Event "38th Barczay Memorial 2019"]
[Site "Zalakaros"]
[Date "2019.05.23"]
[Round "1.7"]
[White "Balogh, Marton"]
[Black "Czebe, Attila"]
[Result "0-1"]
[ECO "B00"]
[WhiteElo "1963"]
[BlackElo "2427"]
[Annotator "RC"]
[PlyCount "90"]
[EventDate "2019.05.23"]
[EventType "swiss"]
[EventCountry "HUN"]
[SourceTitle "playchess.com"]
[Source "ChessBase"]
[SourceQuality "1"]
[TimeControl "40/5400+30:1800+30"]

1. e4 d6 2. d4 g6 3. Nc3 a6 4. f4 b5 5. Nf3 Bb7 6. Bd3 c5 7. dxc5 dxc5 8. O-O c4 9. Be2 Nd7 10. Be3 Bg7 11. Bd4 Bxd4+ 12. Qxd4 Qb6 13. Rad1 Ngf6 14. e5 Ng4 15. Qxb6 Nxb6 16. Rd4 Ne3 17. Rc1 O-O 18. Kf2 Nf5 19. Rd2 b4 20. Nd1 Nd5 21. Bxc4 Nxf4 22. Ne3 e6 23. Nxf5 gxf5 24. Rd4 Ng6 25. Re1 Rfd8 26. Rd6 Kg7 27. Red1 Rdc8 28. Bb3 Bxf3 29. gxf3 a5 30. Rd7 Nxe5 31. Rb7 Kf6 32. f4 Ng4+ 33. Ke2 a4 34. Rdd7 Nh6 35. Bxe6 Re8 36. Rxb4 Rxe6+ 37. Kd3 Ng4 38. Rbb7 Kg6 39. Rxf7 Nf6 40. Rg7+ Kh6 41. c4 a3 42. b4 Rd8+ 43. Kc2 Rd4 44. Kc3 Rxf4 45. Rge7 Rc6 0-1

[Event "38th Barczay Memorial 2019"]
[Site "Zalakaros"]
[Date "2019.05.23"]
[Round "1.8"]
[White "Gschnitzer, Adrian"]
[Black "Reitinger, Petr"]
[Result "1-0"]
[ECO "B03"]
[WhiteElo "2419"]
[BlackElo "1958"]
[Annotator "NA RC"]
[PlyCount "53"]
[EventDate "2019.05.23"]
[EventType "swiss"]
[EventCountry "HUN"]
[SourceTitle "playchess.com"]
[Source "ChessBase"]
[SourceQuality "1"]
[TimeControl "40/5400+30:1800+30"]

1. e4 Nf6 2. e5 Nd5 3. d4 d6 4. c4 Nb6 5. exd6 cxd6 6. Nc3 g6 7. Be3 Bg7 8. Rc1 O-O 9. b3 Nc6 10. d5 Ne5 11. Be2 $14 f5 12. f4 Ng4 13. Bxg4 fxg4 14. Nge2 Nd7 15. O-O Nf6 16. Nd4 g3 17. h3 Ng4 18. hxg4 Bxd4 19. Bxd4 e5 20. fxe5 Rxf1+ 21. Qxf1 Qh4 22. Qf4 Bf5 23. e6 Rf8 24. e7 Qh2+ 25. Kf1 Qh1+ 26. Ke2 Bxg4+ 27. Kd3 1-0

[Event "38th Barczay Memorial 2019"]
[Site "Zalakaros"]
[Date "2019.05.23"]
[Round "1.10"]
[White "Persanyi, Barnabas"]
[Black "Szasz, Ferenc"]
[Result "1-0"]
[ECO "A04"]
[WhiteElo "2404"]
[BlackElo "1950"]
[Annotator "RC"]
[PlyCount "67"]
[EventDate "2019.05.23"]
[EventType "swiss"]
[EventCountry "HUN"]
[SourceTitle "playchess.com"]
[Source "ChessBase"]
[SourceQuality "1"]
[TimeControl "40/5400+30:1800+30"]

1. Nf3 c6 2. g3 d5 3. Bg2 Bf5 4. O-O Nf6 5. d3 e6 6. Nh4 Be7 7. Nxf5 exf5 8. Nd2 h5 9. Nf3 Na6 10. c4 dxc4 11. dxc4 Qxd1 12. Rxd1 O-O 13. Bg5 Rad8 14. Nd4 g6 15. e4 fxe4 16. Bxe4 Nc5 17. Bf3 Kg7 18. h4 Ng8 19. Be3 a6 20. Bxh5 Na4 21. Be2 Bf6 22. Rab1 c5 23. Nf3 Nxb2 24. Rxd8 Rxd8 25. Bxc5 Rc8 26. Bd4 Nxc4 27. Rxb7 a5 28. Bxc4 Rxc4 29. Ng5 Ne7 30. Ne6+ Kg8 31. Bxf6 fxe6 32. Rxe7 Ra4 33. a3 Rxa3 34. Rg7+ 1-0

[Event "38th Barczay Memorial 2019"]
[Site "Zalakaros"]
[Date "2019.05.24"]
[Round "2.2"]
[White "Sonnberger, Thomas"]
[Black "Kantor, Gergely"]
[Result "0-1"]
[ECO "A06"]
[WhiteElo "2208"]
[BlackElo "2516"]
[Annotator "RC"]
[PlyCount "81"]
[EventDate "2019.05.23"]
[EventType "swiss"]
[EventCountry "HUN"]
[SourceTitle "playchess.com"]
[Source "ChessBase"]
[SourceQuality "1"]
[TimeControl "40/5400+30:1800+30"]

1. Nf3 d5 2. g3 c6 3. Bg2 Bg4 4. d4 e6 5. O-O Nf6 6. c4 Nbd7 7. Nbd2 Be7 8. b3 O-O 9. Bb2 Bh5 10. Ne5 Nxe5 11. dxe5 Nd7 12. Rc1 a5 13. h3 a4 14. g4 Bg6 15. cxd5 cxd5 16. e4 Nc5 17. exd5 Nd3 18. d6 Bxd6 19. Ne4 Bb8 20. Ba3 Nxc1 21. Bxf8 Qxf8 22. Qxc1 axb3 23. axb3 Bxe5 24. Qc4 Rd8 25. Qb5 Bxe4 26. Bxe4 Bb8 27. Qb6 Qe7 28. Rc1 Bf4 29. Rc2 h5 30. Qxb7 Qg5 31. Rc8 hxg4 32. h4 Qa5 33. Kg2 Qd2 34. b4 g6 35. Rxd8+ Qxd8 36. Qc6 Qxh4 37. Kf1 g3 38. fxg3 Qxg3 39. Bf3 g5 40. Qc8+ Kg7 41. Qc6 0-1

[Event "38th Barczay Memorial 2019"]
[Site "Zalakaros"]
[Date "2019.05.24"]
[Round "2.3"]
[White "Bokros, Albert"]
[Black "Kantorik, Marian"]
[Result "1-0"]
[ECO "C41"]
[WhiteElo "2461"]
[BlackElo "2202"]
[Annotator "RC"]
[PlyCount "91"]
[EventDate "2019.05.23"]
[EventType "swiss"]
[EventCountry "HUN"]
[SourceTitle "playchess.com"]
[Source "ChessBase"]
[SourceQuality "1"]
[TimeControl "40/5400+30:1800+30"]

1. e4 d6 2. d4 Nf6 3. Nc3 e5 4. Nf3 Nbd7 5. Bc4 Be7 6. O-O c6 7. a4 Qc7 8. Re1 h6 9. a5 g5 10. d5 Nf8 11. Nd2 Ng6 12. Nf1 Nf4 13. Ne3 cxd5 14. Bxd5 Be6 15. Bb3 O-O-O 16. g3 Rhg8 17. a6 b6 18. Kh1 Nh3 19. Rf1 Kb8 20. Ncd5 Nxd5 21. Nxd5 Bxd5 22. Qxd5 Rc8 23. Be3 Rg7 24. Ra4 Qc6 25. Qd3 Qd7 26. Bxb6 d5 27. Be3 d4 28. Ra5 Bc5 29. Bd2 f6 30. Kg2 Nf4+ 31. Bxf4 gxf4 32. Rb5+ Bb6 33. Ra1 Rc7 34. Rd5 Qe7 35. c4 h5 36. Bd1 h4 37. g4 Rc5 38. Bf3 Rxd5 39. exd5 Qd7 40. Kh1 h3 41. b4 e4 42. Bxe4 Qxg4 43. c5 Bd8 44. d6 f3 45. Bxf3 Qf4 46. Qb5+ 1-0

[Event "38th Barczay Memorial 2019"]
[Site "Zalakaros"]
[Date "2019.05.24"]
[Round "2.4"]
[White "Hrbolka, Ladislav Jr."]
[Black "Varga, Zoltan"]
[Result "0-1"]
[ECO "B04"]
[WhiteElo "2203"]
[BlackElo "2457"]
[Annotator "RC"]
[PlyCount "84"]
[EventDate "2019.05.23"]
[EventType "swiss"]
[EventCountry "HUN"]
[SourceTitle "playchess.com"]
[Source "ChessBase"]
[SourceQuality "1"]
[TimeControl "40/5400+30:1800+30"]

1. e4 Nf6 2. e5 Nd5 3. d4 d6 4. Nf3 Nb6 5. Be2 g6 6. O-O Bg7 7. Nc3 dxe5 8. Nxe5 N8d7 9. Bf4 Nxe5 10. Bxe5 Bxe5 11. dxe5 Bf5 12. Nb5 c6 13. Nd4 Qd5 14. g4 O-O-O 15. gxf5 Qxd4 16. Qxd4 Rxd4 17. fxg6 hxg6 18. Rad1 Rdh4 19. h3 e6 20. Bg4 Nc4 21. Rfe1 Nxb2 22. Rd4 b5 23. Ree4 g5 24. f4 c5 25. Rd2 Nc4 26. Rf2 gxf4 27. Rfxf4 R4h7 28. a4 a6 29. axb5 axb5 30. Be2 Nd2 31. Re3 c4 32. Bg4 Rd8 33. Kg2 Kc7 34. Kg3 Kb6 35. h4 b4 36. h5 Kc5 37. Be2 Rg7+ 38. Rg4 Rxg4+ 39. Kxg4 b3 40. cxb3 cxb3 41. Rc3+ Kb4 42. Rd3 Rg8+ 0-1

[Event "38th Barczay Memorial 2019"]
[Site "Zalakaros"]
[Date "2019.05.24"]
[Round "2.7"]
[White "Czebe, Attila"]
[Black "Dobai, Szabolcs"]
[Result "1-0"]
[ECO "B10"]
[WhiteElo "2427"]
[BlackElo "2192"]
[Annotator "RC"]
[PlyCount "45"]
[EventDate "2019.05.23"]
[EventType "swiss"]
[EventCountry "HUN"]
[SourceTitle "playchess.com"]
[Source "ChessBase"]
[SourceQuality "1"]
[TimeControl "40/5400+30:1800+30"]

1. e4 c6 2. Nc3 d5 3. Nf3 Nf6 4. e5 Ne4 5. Qe2 Nxc3 6. dxc3 Bg4 7. Bg5 Qa5 8. e6 Bxe6 9. Nd4 Bc8 10. Nb3 Qc7 11. O-O-O f6 12. Be3 e5 13. f4 Be6 14. fxe5 fxe5 15. Qh5+ g6 16. Qh4 Nd7 17. Bd3 Bg7 18. Rhf1 b6 19. c4 d4 20. Bg5 Bf7 21. Rxf7 Kxf7 22. Rf1+ Ke8 23. Qxh7 1-0

[Event "38th Barczay Memorial 2019"]
[Site "Zalakaros"]
[Date "2019.05.24"]
[Round "2.8"]
[White "Suta, Andraz"]
[Black "Gschnitzer, Adrian"]
[Result "0-1"]
[ECO "B12"]
[WhiteElo "2175"]
[BlackElo "2419"]
[Annotator "RC"]
[PlyCount "118"]
[EventDate "2019.05.23"]
[EventType "swiss"]
[EventCountry "HUN"]
[SourceTitle "playchess.com"]
[Source "ChessBase"]
[SourceQuality "1"]
[TimeControl "40/5400+30:1800+30"]

1. e4 c6 2. d4 d5 3. e5 c5 4. dxc5 Nc6 5. Nf3 Bg4 6. Bb5 Qa5+ 7. Nc3 e6 8. a3 Bxc5 9. O-O Nge7 10. Rb1 Qc7 11. b4 Bb6 12. Bb2 O-O 13. Na4 Bxf3 14. Qxf3 Nxe5 15. Qg3 N5g6 16. Nxb6 Qxb6 17. Bd3 Rac8 18. h4 f6 19. h5 Nh8 20. h6 Nhg6 21. hxg7 Rf7 22. Rbe1 e5 23. Qh3 Rxg7 24. Bxg6 hxg6 25. Re3 Rxc2 26. Qd7 Qc6 27. Qd8+ Kf7 28. Bxe5 Rg8 29. Qa5 fxe5 30. Rxe5 Rc1 31. Rfe1 Rxe1+ 32. Rxe1 Qc3 33. Rd1 Qc2 34. Rf1 Rh8 35. Qxa7 Qc7 36. f3 Nc6 37. Qc5 Qh2+ 38. Kf2 Qh4+ 39. Kg1 Qd4+ 40. Qxd4 Nxd4 41. Rd1 Ne2+ 42. Kf2 Nc3 43. Rd3 Rc8 44. f4 Ke6 45. g4 Ne4+ 46. Ke3 b5 47. Kd4 Rc4+ 48. Ke3 g5 49. fxg5 Nxg5 50. Rd4 Ke5 51. Rxc4 dxc4 52. Kd2 Kd4 53. Kc2 Ne4 54. Kb2 Kd3 55. a4 c3+ 56. Kc1 c2 57. axb5 Kc3 58. b6 Nf2 59. b7 Nd3# 0-1

[Event "38th Barczay Memorial 2019"]
[Site "Zalakaros"]
[Date "2019.05.24"]
[Round "2.9"]
[White "Almasi, Istvan"]
[Black "Fucak, Emilio Milko"]
[Result "1-0"]
[ECO "C02"]
[WhiteElo "2407"]
[BlackElo "2180"]
[Annotator "NA RC"]
[PlyCount "49"]
[EventDate "2019.05.23"]
[EventType "swiss"]
[EventCountry "HUN"]
[SourceTitle "playchess.com"]
[Source "ChessBase"]
[SourceQuality "1"]
[TimeControl "40/5400+30:1800+30"]

1. e4 e6 2. d4 d5 3. e5 b6 4. c3 Qd7 5. Nh3 a5 6. Nf4 Ba6 7. Bxa6 Rxa6 8. O-O c5 9. a4 c4 ({Black should try} 9... Nc6) 10. b3 cxb3 11. Qxb3 h5 (11... Nc6 $16 12. Na3 Bxa3) 12. c4 dxc4 13. Qxc4 g5 14. Ne2 Be7 15. Nbc3 Qc6 16. Qd3 Ra7 17. Ne4 g4 18. Ba3 $18 Kf8 19. f3 Bxa3 20. Qxa3+ Re7 21. Rac1 Qd7 22. fxg4 hxg4 23. Nd6 Nh6 24. Nc8 Nf5 25. Rxf5 1-0

[Event "38th Barczay Memorial 2019"]
[Site "Zalakaros"]
[Date "2019.05.25"]
[Round "3.1"]
[White "Ianov, Viktor"]
[Black "Horvath, Adam"]
[Result "1/2-1/2"]
[ECO "A37"]
[WhiteElo "2298"]
[BlackElo "2531"]
[Annotator "ChessBase"]
[PlyCount "73"]
[EventDate "2019.05.23"]
[EventType "swiss"]
[EventCountry "HUN"]
[SourceTitle "playchess.com"]
[Source "ChessBase"]
[SourceQuality "1"]
[TimeControl "40/5400+30:1800+30"]

1. Nf3 c5 2. c4 Nc6 3. g3 g6 4. Bg2 Bg7 5. Nc3 d6 6. d3 e6 7. Bg5 Nge7 8. Rb1 h6 9. Bd2 b6 10. O-O Bb7 11. a3 Qd7 12. b4 O-O 13. Ne1 Rad8 14. Nc2 f5 15. f4 Nd4 16. Bxb7 Qxb7 17. e3 Nxc2 18. Qxc2 cxb4 19. axb4 d5 20. Ne2 dxc4 21. Qxc4 Rd6 22. b5 Rc8 23. Qb3 Qd7 24. d4 Nd5 25. Rfc1 Bf8 26. Rxc8 Qxc8 27. Rc1 Qb7 28. Rc2 a5 29. bxa6 Qxa6 30. Nc1 b5 31. Nd3 Qa4 32. Rb2 Ra6 33. Kf2 Nf6 34. Ke2 Ne4 35. Qxb5 Qa1 36. Nc5 Ra8 37. Nxe4 1/2-1/2

[Event "38th Barczay Memorial 2019"]
[Site "Zalakaros"]
[Date "2019.05.25"]
[Round "3.2"]
[White "Kantor, Gergely"]
[Black "Meszaros, Andras"]
[Result "1-0"]
[ECO "D15"]
[WhiteElo "2516"]
[BlackElo "2285"]
[Annotator "ChessBase"]
[PlyCount "65"]
[EventDate "2019.05.23"]
[EventType "swiss"]
[EventCountry "HUN"]
[SourceTitle "playchess.com"]
[Source "ChessBase"]
[SourceQuality "1"]
[TimeControl "40/5400+30:1800+30"]

1. d4 d5 2. c4 c6 3. Nf3 Nf6 4. Nc3 a6 5. Qc2 g6 6. Bg5 Bg7 7. cxd5 cxd5 8. Bxf6 exf6 9. Qb3 Be6 10. Qxb7 Nd7 11. e3 O-O 12. Qb3 Qa5 13. Bd3 Rab8 14. Qc2 Rfc8 15. O-O Nb6 16. Nd2 Nc4 17. Nxc4 dxc4 18. Be2 Rb4 19. a3 Rb3 20. Rab1 Bf8 21. Rfc1 f5 22. d5 Bd7 23. Bxc4 Rb6 24. Ba2 Qc5 25. Qd2 Qd6 26. Ne2 Re8 27. b4 g5 28. Nd4 Qh6 29. g3 g4 30. Nc6 Bxc6 31. dxc6 Rxc6 32. Bxf7+ Kxf7 33. Qd7+ 1-0

[Event "38th Barczay Memorial 2019"]
[Site "Zalakaros"]
[Date "2019.05.25"]
[Round "3.3"]
[White "Becskei, Zoltan"]
[Black "Bokros, Albert"]
[Result "0-1"]
[ECO "B42"]
[WhiteElo "2285"]
[BlackElo "2461"]
[Annotator "ChessBase"]
[PlyCount "130"]
[EventDate "2019.05.23"]
[EventType "swiss"]
[EventCountry "HUN"]
[SourceTitle "playchess.com"]
[Source "ChessBase"]
[SourceQuality "1"]
[TimeControl "40/5400+30:1800+30"]

1. e4 c5 2. Nf3 e6 3. d4 cxd4 4. Nxd4 a6 5. Bd3 Qc7 6. O-O Nf6 7. Qe2 d6 8. c4 Nc6 9. Nxc6 bxc6 10. Kh1 Be7 11. f4 e5 12. Nc3 O-O 13. Rb1 a5 14. a3 Nd7 15. b4 axb4 16. axb4 exf4 17. Bxf4 Bf6 18. Rb3 Be5 19. Bxe5 Nxe5 20. b5 Bg4 21. Qe3 Be6 22. bxc6 Qxc6 23. Nd5 Bxd5 24. cxd5 Qc7 25. Be2 Ra2 26. Bf3 h6 27. h3 Rc8 28. Re1 Qa5 29. Rg1 Qa4 30. Rc3 Rxc3 31. Qxc3 Rc2 32. Qe3 Qa2 33. Bd1 Rd2 34. Qb6 Qa3 35. Qd8+ Kh7 36. Qh4 Qd3 37. Qe1 Qd4 38. Kh2 Rb2 39. Rf1 Kg8 40. Bf3 Qd3 41. Bh5 g6 42. Bd1 Kg7 43. Kh1 Rb1 44. Kh2 Qd4 45. Kh1 Nd3 46. Qd2 Qxe4 47. Kh2 Qxd5 48. Re1 Rb2 49. Qc3+ Kh7 50. Bf3 Qf5 51. Rf1 Qe5+ 52. Qxe5 Nxe5 53. Bd5 Kg7 54. Rd1 f5 55. Kg1 Kf6 56. h4 g5 57. hxg5+ hxg5 58. Bg8 Rb6 59. Bd5 f4 60. Be4 Ng4 61. Rd5 Ne3 62. Ra5 Rb4 63. Ba8 g4 64. Kh2 g3+ 65. Kh3 Rb1 0-1

[Event "38th Barczay Memorial 2019"]
[Site "Zalakaros"]
[Date "2019.05.25"]
[Round "3.4"]
[White "Varga, Zoltan"]
[Black "Pribelszky, Bence"]
[Result "1-0"]
[ECO "C42"]
[WhiteElo "2457"]
[BlackElo "2244"]
[Annotator "ChessBase"]
[PlyCount "77"]
[EventDate "2019.05.23"]
[EventType "swiss"]
[EventCountry "HUN"]
[SourceTitle "playchess.com"]
[Source "ChessBase"]
[SourceQuality "1"]
[TimeControl "40/5400+30:1800+30"]

1. e4 e5 2. Nf3 Nf6 3. Nc3 Bb4 4. a3 Bxc3 5. dxc3 O-O 6. Qe2 d5 7. exd5 e4 8. Nd4 Qxd5 9. Bf4 Na6 10. Qc4 Bg4 11. Qxd5 Nxd5 12. Bg3 Nc5 13. c4 Nb6 14. Bxc7 Nba4 15. b3 Rac8 16. Bf4 Rfd8 17. Nb5 a6 18. Nd6 Rc6 19. h3 Bh5 20. Nf5 Rf6 21. Bg5 Nc3 22. Bxf6 gxf6 23. g4 Bg6 24. Ne7+ Kf8 25. Nd5 Nxd5 26. O-O-O Nd3+ 27. cxd3 Nc3 28. Rd2 exd3 29. f3 Re8 30. Bxd3 Re3 31. Kc2 Ne2 32. Bxg6 hxg6 33. Rd3 Rxf3 34. Rxf3 Nd4+ 35. Kd3 Nxf3 36. b4 Ke7 37. Ke4 Ng5+ 38. Kd5 Kd7 39. h4 1-0

[Event "38th Barczay Memorial 2019"]
[Site "Zalakaros"]
[Date "2019.05.25"]
[Round "3.5"]
[White "Bagi, Mate"]
[Black "Pasztor, Ferenc"]
[Result "1-0"]
[ECO "C42"]
[WhiteElo "2450"]
[BlackElo "2225"]
[Annotator "ChessBase"]
[PlyCount "56"]
[EventDate "2019.05.23"]
[EventType "swiss"]
[EventCountry "HUN"]
[SourceTitle "playchess.com"]
[Source "ChessBase"]
[SourceQuality "1"]
[TimeControl "40/5400+30:1800+30"]

1. e4 e5 2. Nf3 Nf6 3. Nc3 Bb4 4. Nxe5 O-O 5. Be2 Re8 6. Nd3 Bxc3 7. dxc3 Nxe4 8. Nf4 d6 9. O-O Nc6 10. c4 Ne5 11. a4 a5 12. Ra3 Bd7 13. Re3 Ng6 14. Nxg6 hxg6 15. b3 Qf6 16. Bf3 Nc5 17. Rfe1 Rad8 18. Bd2 Rxe3 19. Rxe3 b6 20. Bc3 Qg5 21. Qd4 f6 22. h4 Qf5 23. Bd5+ Kh7 24. Re7 Rf8 25. Qe3 Rg8 26. Bd4 c6 27. Bxg8+ Kxg8 28. Bxc5 bxc5 1-0

[Event "38th Barczay Memorial 2019"]
[Site "Zalakaros"]
[Date "2019.05.25"]
[Round "3.6"]
[White "Peczely, Sebastian Zsombor"]
[Black "Czebe, Attila"]
[Result "1-0"]
[ECO "B42"]
[WhiteElo "2245"]
[BlackElo "2427"]
[Annotator "NA"]
[PlyCount "49"]
[EventDate "2019.05.23"]
[EventType "swiss"]
[EventCountry "HUN"]
[SourceTitle "playchess.com"]
[Source "ChessBase"]
[SourceQuality "1"]
[TimeControl "40/5400+30:1800+30"]

1. e4 c5 2. Nf3 e6 3. d4 cxd4 4. Nxd4 a6 5. Bd3 Ne7 6. Nc3 g6 7. Be3 Bg7 8. Qd2 O-O 9. h4 d5 10. f4 dxe4 11. Bxe4 Nf5 12. O-O-O Ng3 13. Qe1 Nxh1 14. Nxe6 Bxe6 15. Rxd8 Rxd8 16. Bxb7 Nd7 17. Bxa8 Rxa8 18. Qxh1 Re8 19. Qg1 Bxc3 20. bxc3 Bxa2 21. Bd4 Bc4 22. f5 f6 23. Qh2 Ne5 24. fxg6 hxg6 25. Qf4 1-0

[Event "38th Barczay Memorial 2019"]
[Site "Zalakaros"]
[Date "2019.05.25"]
[Round "3.7"]
[White "Gschnitzer, Adrian"]
[Black "Pasztor, Balazs"]
[Result "1-0"]
[ECO "A27"]
[WhiteElo "2419"]
[BlackElo "2215"]
[Annotator "NA"]
[PlyCount "41"]
[EventDate "2019.05.23"]
[EventType "swiss"]
[EventCountry "HUN"]
[SourceTitle "playchess.com"]
[Source "ChessBase"]
[SourceQuality "1"]
[TimeControl "40/5400+30:1800+30"]

1. c4 e5 2. Nc3 Nc6 3. Nf3 f5 4. g3 Nf6 5. d4 e4 6. Nh4 d6 7. Bg5 Be7 8. e3 O-O 9. Be2 Bd7 10. Ng2 a5 11. Nf4 a4 12. h4 a3 13. Rb1 axb2 14. Rxb2 b6 15. c5 bxc5 16. Bc4+ Kh8 17. Ng6+ hxg6 18. h5 Kh7 19. Nd5 Ng4 20. Nf4 gxh5 21. Qxg4 1-0

[Event "38th Barczay Memorial 2019"]
[Site "Zalakaros"]
[Date "2019.05.25"]
[Round "3.8"]
[White "Borsos, Bogdan"]
[Black "Almasi, Istvan"]
[Result "1-0"]
[ECO "B07"]
[WhiteElo "2217"]
[BlackElo "2407"]
[Annotator "NA"]
[PlyCount "102"]
[EventDate "2019.05.23"]
[EventType "swiss"]
[EventCountry "HUN"]
[SourceTitle "playchess.com"]
[Source "ChessBase"]
[SourceQuality "1"]
[TimeControl "40/5400+30:1800+30"]

1. e4 d6 2. d4 Nf6 3. Nc3 g6 4. g3 Bg7 5. Bg2 O-O 6. Nge2 Nbd7 7. h3 Rb8 8. a4 c5 9. Be3 b6 10. O-O cxd4 11. Bxd4 Bb7 12. Nd5 e5 13. Be3 Nxd5 14. exd5 f5 15. c4 g5 16. f4 gxf4 17. gxf4 Qh4 18. Nc3 Rf6 19. Qe1 Qxe1 20. Rfxe1 Rg6 21. Kh2 Nc5 22. Rad1 e4 23. Bf1 a6 24. Be2 Bf6 25. Bh5 Rg7 26. Rg1 Kf8 27. Rxg7 Bxg7 28. Rg1 Bc8 29. Be2 Bd7 30. Ra1 Rc8 31. Ra2 Nd3 32. Nd1 Rxc4 33. b3 Rc8 34. Rd2 b5 35. Bxd3 exd3 36. Nf2 bxa4 37. bxa4 Bxa4 38. Nxd3 a5 39. Bb6 Bc3 40. Rg2 Bb5 41. Nc1 Bf6 42. Nb3 a4 43. Bd4 Kf7 44. Bxf6 Kxf6 45. Nd4 Bd3 46. Rg3 Be4 47. Nb5 Rc2+ 48. Kg1 Bxd5 49. Nxd6 Rg2+ 50. Rxg2 Bxg2 51. Ne8+ Ke7 1-0

[Event "38th Barczay Memorial 2019"]
[Site "Zalakaros"]
[Date "2019.05.25"]
[Round "3.9"]
[White "Persanyi, Barnabas"]
[Black "Geher, Koppany"]
[Result "1-0"]
[ECO "A05"]
[WhiteElo "2404"]
[BlackElo "2113"]
[Annotator "NA"]
[PlyCount "71"]
[EventDate "2019.05.23"]
[EventType "swiss"]
[EventCountry "HUN"]
[SourceTitle "playchess.com"]
[Source "ChessBase"]
[SourceQuality "1"]
[TimeControl "40/5400+30:1800+30"]

1. Nf3 Nf6 2. c4 g6 3. Nc3 Bg7 4. e4 e5 5. Be2 O-O 6. O-O Re8 7. d3 Nc6 8. Rb1 d6 9. b4 Bg4 10. Ne1 Be6 11. Nc2 Nd4 12. Nxd4 exd4 13. Nb5 Bd7 14. Nxd4 Nd5 15. cxd5 Bxd4 16. Bb2 Bxb2 17. Rxb2 f5 18. Bf3 Qf6 19. Rb1 Rac8 20. Qc2 c6 21. Qb2 Kg7 22. dxc6 Bxc6 23. b5 Bd7 24. b6 Qxb2 25. Rxb2 axb6 26. Rxb6 Bc6 27. exf5 gxf5 28. Bxc6 bxc6 29. Rc1 Re2 30. g3 Ra8 31. Rbxc6 Raxa2 32. Rxd6 Kf7 33. Rc7+ Ke8 34. Rb6 Kd8 35. Rxh7 Kc8 36. Rf6 1-0

[Event "38th Barczay Memorial 2019"]
[Site "Zalakaros"]
[Date "2019.05.25"]
[Round "3.10"]
[White "Gombocz, Ferenc Jr."]
[Black "Srinath, Rao S.V."]
[Result "0-1"]
[ECO "A30"]
[WhiteElo "2214"]
[BlackElo "2395"]
[Annotator "NA"]
[PlyCount "90"]
[EventDate "2019.05.23"]
[EventType "swiss"]
[EventCountry "HUN"]
[SourceTitle "playchess.com"]
[Source "ChessBase"]
[SourceQuality "1"]
[TimeControl "40/5400+30:1800+30"]

1. c4 c5 2. g3 Nc6 3. Bg2 g5 4. Nc3 Bg7 5. e4 d6 6. d3 h6 7. Nge2 Bg4 8. h3 Bxe2 9. Nxe2 e6 10. O-O Nge7 11. f4 gxf4 12. Nxf4 Qd7 13. Kh2 Be5 14. Qh5 Ng8 15. Qd1 O-O-O 16. Rb1 Nge7 17. a3 Rdg8 18. b4 Nd4 19. Bb2 h5 20. Bxd4 cxd4 21. Nxh5 Rg5 22. Bf3 Qe8 23. Rb2 Qg8 24. Rg1 Rhxh5 25. Bxh5 Rxg3 26. Rxg3 Qxg3+ 27. Kh1 Qxh3+ 28. Kg1 Bf4 29. Rf2 Be3 30. Qf3 Qxf3 31. Bxf3 Ng6 32. Kf1 Bxf2 33. Kxf2 Nf4 34. Be2 Kc7 35. Bf1 Kc6 36. Kf3 Ng6 37. b5+ Kb6 38. Kg4 f6 39. Kf3 Kc5 40. Kg4 Ne5+ 41. Kf4 Kb6 42. Kg3 Ka5 43. Kf2 Ka4 44. Ke2 Nd7 45. Bh3 Nc5 0-1

[Event "38th Barczay Memorial 2019"]
[Site "Zalakaros"]
[Date "2019.05.25"]
[Round "3.11"]
[White "Meszaros, Tamas"]
[Black "Bereczki, Janos"]
[Result "1/2-1/2"]
[ECO "B12"]
[WhiteElo "2385"]
[BlackElo "2090"]
[Annotator "NA"]
[PlyCount "82"]
[EventDate "2019.05.23"]
[EventType "swiss"]
[EventCountry "HUN"]
[SourceTitle "playchess.com"]
[Source "ChessBase"]
[SourceQuality "1"]
[TimeControl "40/5400+30:1800+30"]

1. e4 c6 2. d4 d5 3. e5 Bf5 4. Nd2 e6 5. Nb3 Nd7 6. Nf3 a6 7. Be2 c5 8. dxc5 Bxc5 9. Nxc5 Nxc5 10. Be3 Qc7 11. Nd4 Ne7 12. f4 Be4 13. O-O Nf5 14. Nxf5 exf5 15. c4 dxc4 16. Bxc4 b5 17. Bxf7+ Kxf7 18. Rc1 Rhd8 19. Rxc5 Qd7 20. Qb3+ Bd5 21. Qc3 Rac8 22. Rd1 Rxc5 23. Qxc5 Qe6 24. Qc7+ Rd7 25. Qc8 Bc6 26. Rxd7+ Qxd7 27. Qxd7+ Bxd7 28. Kf2 Ke6 29. Bc5 Bc6 30. Bf8 Kf7 31. Bd6 Ke6 32. Kg3 a5 33. Kh3 Bd5 34. a3 a4 35. g3 Kf7 36. Kh4 h6 37. h3 g6 38. g4 Be6 39. Kg3 h5 40. gxh5 gxh5 41. Kf3 Bc4 {[%emt 0:00:42] Ke4} 1/2-1/2